 Dungeon Crawl Stone Soup version 0.27.0-65-ge2af304b15 (webtiles) character file.

Game seed: 18296971498934716336

1680 Kinoniko the Carver (level 8, -10/63 HPs)
             Began as a Black Draconian Berserker on Aug 19, 2021.
             Was a Priest of Trog.
             Mangled by a boulder beetle (30 damage)
             ... on level 5 of the Dungeon.
             The game lasted 00:06:03 (5979 turns).

Kinoniko the Carver (Black Draconian Berserker)     Turns: 5979, Time: 00:06:03

Health: -10/63     AC: 10    Str: 20    XL:     8   Next: 70%
Magic:  8/8        EV: 14    Int:  8    God:    Trog [***...]
Gold:   197        SH:  0    Dex: 12    Spells: 7/7 levels left

rFire    . . .     SeeInvis .   a - +1 falchion
rCold    . . .     Faith    .   (no shield)
rNeg     . . .     Spirit   .   (armour unavailable)
rPois    .         Reflect  .   (helmet restricted)
rElec    +         Harm     .   l - +1 cloak
rCorr    .         Rampage  .   (no gloves)
Will     .....                  i - +1 pair of boots
Stlth    +.........             (no amulet)
HPRegen  0.20/turn              (no ring)
MPRegen  0.11/turn              (no ring)

@: on berserk cooldown, slowed, very slow
A: breathe lightning, AC +6, unfitting armour, electricity resistance,
cold-blooded
a: Breathe Lightning, Renounce Religion, Berserk, Trog's Hand


You were on level 5 of the Dungeon.
You worshipped Trog.
Trog was most pleased with you.
You visited 1 branch of the dungeon, and saw 6 of its levels.

You collected 197 gold pieces.

Inventory:

Hand Weapons
 a - a +1 falchion (weapon)
Armour
 i - a +1 pair of boots (worn)
 l - a +1 cloak (worn)
Jewellery
 h - a +6 ring of strength
Wands
 j - a wand of flame (23)
 k - a wand of polymorph (7)
 r - a wand of iceblast (11)
Scrolls
 d - 2 scrolls of silence
 f - a scroll of identify
 m - a scroll of amnesia {unknown}
 p - 2 scrolls of summoning
Potions
 b - a potion of haste {unknown}
 c - a potion of lignification {unknown}
 e - a potion of berserk rage {unknown}
 g - 3 potions of degeneration {unknown}
 n - a potion of might {unknown}
 o - a potion of invisibility
 q - a potion of curing {unknown}
 t - a potion of flight {unknown}


   Skills:
 - Level 3.2 Fighting
 * Level 9.6 Long Blades
 + Level 6.4 Dodging


You had 7 spell levels left.
You didn't know any spells.
Your spell library was empty.

Dungeon Overview and Level Annotations

Branches:
Dungeon (6/15)             Temple (0/1) D:4

Altars:
Ashenzari
Makhleb

Portals:
Abyss: D:3

Annotations:
D:3 2 transporters, Lakmaran's ghost, amateur DsBe


Innate Abilities, Weirdness & Mutations

You can breathe wild blasts of lightning.
Your glossy black scales are hard. (AC +6)
You cannot fit into any form of body armour.
You are resistant to electric shocks. (rElec)
You are cold-blooded and may be slowed by cold attacks.


Message History

The boulder beetle is moderately wounded.
The boulder beetle bites you!
You slash the boulder beetle!
The boulder beetle is moderately wounded.
You hit the boulder beetle but do no damage.
You tail-slap the boulder beetle, but do no damage.
The boulder beetle is moderately wounded.
The boulder beetle bites you.
You completely miss the boulder beetle. You tail-slap the boulder beetle!
The boulder beetle is heavily wounded.
You hit the boulder beetle.
The boulder beetle is heavily wounded.
The boulder beetle bites you.
You hit the boulder beetle but do no damage.
The boulder beetle is heavily wounded.
You hit the boulder beetle but do no damage.
The boulder beetle is heavily wounded.
The boulder beetle closely misses you.
You riposte.
You hit the boulder beetle.
The boulder beetle is heavily wounded.
The iguana bites you!
You hit the boulder beetle.
You tail-slap the boulder beetle, but do no damage.
The boulder beetle is severely wounded.
You hit the boulder beetle but do no damage.
The boulder beetle is severely wounded.
The boulder beetle bites you. The iguana barely misses you.
You are too injured to fight recklessly!
You are no longer berserk.
You are exhausted.
You feel yourself slow down.
You climb upwards.
There is a stone staircase leading down here.
You are too injured to fight recklessly!
You are too injured to fight recklessly!
You are too injured to fight recklessly!
The boulder beetle curls into a ball and begins rolling!
The iguana bites you! The iguana barely misses you.
The iguana hisses menacingly.
The boulder beetle hits you!!
You die...

......#.###.#.##.#####.#
....................##.#
.####.#.#...#.##.##.##.#
...##.#...(.#.##.......#
##.##.........##.##.##.#
......##########....##.#
##.#### #.#####.# ##)#
##########.#####.# #..#
#.......##@......# ...##
#..^....##B#######
#..)###.......##l○.#
..#..##.......####°#
.##...#.[.†...# #.#
......#.......# #.#
.##...#.......# #.#
..#...####.#### #.#
#.....# #<# #.#


You could see a boulder beetle (rolling) and an iguana.

Vanquished Creatures
  A water moccasin (D:6)
  2 ice beasts (D:6)
  A hornet zombie (D:6)
  A necrophage (D:6)
  4 ogres
  A bullfrog (D:4)
  A wyvern skeleton (D:6)
  A howler monkey (D:4)
  A centaur zombie (D:5)
  2 jellies
  2 bullfrog skeletons (D:6)
  4 hounds
  Crazy Yiuf (D:2)
  Jessica (D:2)
  Ijyb (D:3)
  Terence (D:3)
  2 iguanas (D:4)
  An orc wizard (D:5)
  Natasha (thrice) (D:2)
  A gnoll (D:1)
  8 adders
  A shadow imp (D:3)
  A worm (D:2)
  3 dart slugs
  5 orcs
  5 endoplasms
  A giant cockroach (D:1)
  12 goblins
  6 hobgoblins
  9 jackals
  5 kobolds
  3 quokkas
  11 ball pythons
  8 bats
  3 frilled lizards
  5 rats (D:1)
118 creatures vanquished.

Vanquished Creatures (others)
  A necrophage (D:4)
1 creature vanquished.

Grand Total: 119 creatures vanquished

Notes
Turn   | Place    | Note
-------+----------+-------------------------------------------
     0 | D:1      | Kinoniko the Draconian Berserker began the quest for the
                  | Orb.
     0 | D:1      | Reached XP level 1. HP: 19/19 MP: 1/1
   180 | D:1      | Reached XP level 2. HP: 26/26 MP: 2/2
   596 | D:1      | Reached XP level 3. HP: 31/31 MP: 3/3
   685 | D:1      | Found a faded altar of an unknown god.
   784 | D:1      | Reached skill level 4 in Long Blades
  1050 | D:2      | Reached ** piety under Trog
  1123 | D:2      | Noticed Jessica
  1129 | D:2      | Killed Jessica
  1130 | D:2      | Reached XP level 4. HP: 38/38 MP: 4/4
  1400 | D:2      | Found a runed translucent door.
  1401 | D:2      | Noticed Crazy Yiuf
  1452 | D:2      | Noticed Natasha
  1460 | D:2      | Killed Natasha
  1716 | D:2      | Noticed Natasha
  1722 | D:2      | Killed Natasha
  1723 | D:2      | Reached skill level 5 in Long Blades
  1723 | D:2      | Reached XP level 5. HP: 45/45 MP: 5/5
  1724 | D:2      | Noticed Natasha
  1733 | D:2      | Killed Natasha
  1994 | D:2      | Killed Crazy Yiuf
  2083 | D:3      | Found a burning altar of Makhleb.
  2147 | D:3      | Noticed Terence
  2160 | D:3      | Killed Terence
  2170 | D:3      | Reached XP level 6. HP: 22/51 MP: 6/6
  2577 | D:3      | Found a transporter.
  2612 | D:3      | Found a one-way gate to the infinite horrors of the Abyss.
  2612 | D:3      | Noticed Lakmaran's ghost (amateur DsBe)
  2927 | D:3      | Noticed Ijyb
  2939 | D:3      | Killed Ijyb
  2940 | D:3      | Reached skill level 6 in Long Blades
  3043 | D:3      | Reached *** piety under Trog
  3124 | D:3      | Found a transporter.
  3222 | D:4      | Found a staircase to the Ecumenical Temple.
  3879 | D:4      | Your scales start taking on a glossy black colour.
  3879 | D:4      | Reached XP level 7. HP: 38/57 MP: 7/7
  3879 | D:4      | Gained mutation: You are resistant to electric shocks.
                  | (rElec) [Black Draconian growth]
  4177 | D:5      | Entered Level 5 of the Dungeon
  4192 | D:5      | Found a broken altar of Ashenzari.
  4202 | D:5      | Reached skill level 7 in Long Blades
  4375 | D:5      | Reached skill level 5 in Dodging
  5106 | D:5      | Reached skill level 8 in Long Blades
  5211 | D:6      | Reached XP level 8. HP: 63/63 MP: 8/8
  5456 | D:6      | Reached skill level 9 in Long Blades
  5861 | D:6      | Noticed a boulder beetle
  5979 | D:5      | Mangled by a boulder beetle

Illustrated notes

Levels and vault maps discovered:
D:1:      dpeg_arrival_subterranean_lakeside_camping, layout_basic,
          chequers_ecumenical_altar_simple_redux, supply_closet_lemuel
D:2:      layout_basic, uniq_natasha, uniq_jessica, uniq_crazy_yiuf_cottage
D:3:      kennysheep_goblin_castle, layout_rooms, mainiacjoe_overflow_chevrons,
          gammafunk_ghost_abyssal_escape, dk_noncrumbling_3,
          corexii_corridor_pit, minmay_misc_feat_four_crosses, uniq_terence
D:4:      layout_basic, minmay_temple_entry_mini_moons, kennysheep_crisscross,
          lemuel_flame_loot_1
D:5:      layout_loops_cross, mainiacjoe_overflow_small_starburst, uniq_ijyb
D:6:      layout_rooms, nicolae_overflow_hidden_temple,
          mainiacjoe_overflow_alcove_4, minmay_manual_moon

Skill      XL: |  1  2  3  4  5  6  7  8 |
---------------+-------------------------+-----
Dodging        | 3 4 5 6 |  6.4
Long Blades    | 4 5 6 8 9 |  9.6
Fighting       | |  3.2

Action                   |  1- 3 |  4- 6 |  7- 9 || total
-------------------------+-------+-------+-------++-------
Melee: Falchion          |    88 |   172 |   139 ||   399
       Tailslap          |    15 |    29 |    30 ||    74
Invok: Berserk           |       |     8 |     6 ||    14
 Abil: Breathe Lightning |       |       |     1 ||     1
  Use: Scroll            |       |     6 |     2 ||     8
 Stab: Sleeping          |     2 |     4 |     1 ||     7
Armor: Skin              |    37 |    79 |    50 ||   166
Dodge: Dodged            |    90 |   131 |    79 ||   300
       Rpst.: Falchion   |    26 |    50 |    22 ||    98
